 Dungeon Crawl Stone Soup version 0.31-a0-704-g1016066182 (webtiles) character file.

Game seed: 17052180166280138086

8632 Gargoyl the Cleaver (level 11, -4/71 HPs)
             Began as a Gargoyle Berserker on Sept 9, 2023.
             Was a Priest of Trog.
             Slain by a merfolk
             ... wielding a +0 trident
              (18 damage)
             ... on level 2 of the Lair of Beasts.
             The game lasted 00:11:34 (8682 turns).

Gargoyl the Cleaver (Gargoyle Berserker)            Turns: 8682, Time: 00:11:35

Health: -4/71      AC: 20    Str: 26      XL:     11   Next: 33%
Magic:  11/11      EV: 13    Int:  8      God:    Trog [***...]
Gold:   422        SH:  6    Dex: 12 (13) Spells: 10/10 levels left

rFire   . . .        I - +1 broad axe (venom)
rCold   . . .        a - +2 buckler
rNeg    + . .        u - +0 steam dragon scales
rPois   ∞            J - +4 helmet "Duguigea" {Str+5}
rElec   +            (no cloak)
rCorr   .            (no gloves)
SInv    +            i - +0 pair of boots
Will    ++...        f - amulet of the acrobat
Stlth   ++           x - ring of see invisible
HPRegen 1.31/turn    (no ring)
MPRegen 0.12/turn

%: acrobat
@: strong-willed, regenerating
A: sickness immunity, AC +8, negative energy resistance 1, electricity
resistance, torment resistance 1, petrification resistance, deterioration 1,
sturdy frame 1
a: Renounce Religion, Berserk, Trog's Hand


You were on level 2 of the Lair of Beasts.
You worshipped Trog.
Trog was most pleased with you.
You visited 2 branches of the dungeon, and saw 10 of its levels.

You collected 597 gold pieces.
You spent 175 gold pieces at shops.

Inventory:

Hand Weapons
 q - a +0 flail
 t - a +1 war axe of electrocution
 I - a +1 broad axe of venom (weapon)
Missiles
 e - 3 curare-tipped darts (quivered)
 m - 19 poisoned darts
 s - 4 throwing nets
Armour
 a - a +2 buckler (worn)
 i - a +0 pair of boots (worn)
 u - +0 steam dragon scales (worn)
 J - the +4 helmet "Duguigea" (worn) {Str+5}
   (You found it on level 8 of the Dungeon)

   Str+5:     It affects your strength (+5).
Jewellery
 c - an amulet of regeneration
 f - an amulet of the acrobat (around neck)
 j - a ring of flight
 x - a ring of see invisible (left hand)
Wands
 D - a wand of polymorph (10)
 E - a wand of quicksilver (5)
 G - a wand of flame (25)
Scrolls
 l - 2 scrolls of fear
 n - 2 scrolls of blinking
 o - 6 scrolls of teleportation
 r - 3 scrolls of revelation
Potions
 b - a potion of enlightenment {unknown}
 d - a potion of mutation
 g - a potion of haste
 h - 3 potions of cancellation
 k - 3 potions of might
 p - 3 potions of heal wounds
 v - a potion of ambrosia {unknown}
 w - 2 potions of lignification {unknown}
 z - a potion of resistance {unknown}
 F - 2 potions of curing


   Skills:
 + Level 9.0 Fighting
 + Level 12.0 Axes
 + Level 4.8 Armour
 + Level 6.1 Dodging
 + Level 4.2 Stealth
 + Level 0.1 Shields


You had 10 spell levels left.
You didn't know any spells.
Your spell library was empty.

Dungeon Overview and Level Annotations

Branches:
Dungeon (8/15)             Temple (0/1) D:7            Lair (2/5) D:8
 Shoals (0/4) Lair:2
  Snake: Lair:2-3    Spider: Lair:2-3

Altars:
Cheibriados
Dithmenos
Hepliaklqana
Makhleb
Okawaru
Ru
Sif Muna
Trog
Zin

Shops:
D:2 *   D:4 [=*[   D:5 (=(=(

Annotations:
D:4 2 transporters, Beaer's ghost, amateur DsFi


Innate Abilities, Weirdness & Mutations

You are immune to sickness and miasma.
Your stone body is resilient. (AC +8)
You are immune to poison.
You resist negative energy. (rN+)
You are resistant to electric shocks. (rElec)
You are resistant to unholy torment.
You are immune to petrification.
Your body sometimes deteriorates upon taking damage.
Your movements are slightly less encumbered by armour. (ER -2)


Message History

The merfolk hits you from afar with a +0 trident.
You slash the merfolk siren!
The merfolk siren looks as sick as possible!
The merfolk siren is moderately wounded.
The merfolk barely misses you.
The merfolk siren chants its luring song.
The merfolk throws a boomerang.
You block the boomerang.
The merfolk siren chants a haunting song.
You resist with some effort.
You cannot move away from the merfolk siren!
Unknown command.
You slice the merfolk siren!!
You are no longer entranced.
You kill the merfolk siren!
Trog accepts your kill.
Trog appreciates your killing of a magic user.
The merfolk throws a boomerang.
The boomerang misses you.
The merfolk hits you from afar with a +0 trident!
Your body deteriorates!
You feel clumsy. The merfolk completely misses you.
The merfolk barely misses you.
The merfolk siren chants a haunting song.
You resist.
You hit the merfolk.
The merfolk is poisoned.
The merfolk is lightly wounded.
You hit the elephant. You hit the merfolk.
The merfolk is poisoned.
The merfolk closely misses you.
The merfolk hits you but does no damage.
The elephant tramples you but does no damage.
The elephant trunk-slaps you but does no damage.
The merfolk siren chants a haunting song.
You resist.
You barely miss the merfolk.
The merfolk is lightly wounded.
You hit the merfolk.
The merfolk looks even sicker.
You slash the elephant!
The merfolk hits you with a +2 trident of flaming!
* * * LOW HITPOINT WARNING * * *
The merfolk burns you.
* * * LOW HITPOINT WARNING * * *
The merfolk hits you with a +0 trident!!
You die...

~.. ~~. #
#~#.#
#m>.#######
##~#. ...... .
#~Y.##...... .
##mmY#.......
.
#)~@##.......
.
##~..#........
.
#..###........
..
#.......#.P.#.
.#. ###...###
### #.. #P..#
##### ...
##..###...##
...
#...#.#....#
....
##........##
.....


You could see 2 elephants, 2 merfolk and a merfolk siren.

Vanquished Creatures
  Harold (Lair:2)
  A fire crab (D:8)
  A deep elf pyromancer (D:8)
  Pikel (D:5)
  A merfolk siren (Lair:2)
  4 cane toads
  2 komodo dragons
  Grinder (D:3)
  5 yaks (Lair:2)
  A steam dragon (D:6)
  7 water moccasins
  2 black bears
  3 ice beasts
  2 orc warriors
  3 centaurs (D:8)
  A phantom (D:5)
  A lemure (D:5)
  2 bullfrogs
  6 scorpions
  5 wights (D:8)
  5 electric eels
  4 hounds
  4 orc priests
  A gnoll bouda (D:4)
  Natasha (D:4)
  2 iguanas
  3 orc wizards
  Robin (D:2)
  6 gnolls
  7 adders
  A shadow imp (D:6)
  6 white imps
  An ufetubus (D:5)
  2 worms
  4 dart slugs
  26 orcs
  4 ball pythons
  3 endoplasms
  2 giant cockroaches
  10 goblins
  20 hobgoblins
  12 jackals (D:1)
  7 quokkas
  6 bats
  2 frilled lizards
  2 kobolds
  4 rats
196 creatures vanquished.

Vanquished Creatures (collateral kills)
  An elephant (Lair:2)
1 creature vanquished.

Vanquished Creatures (others)
  A wizard (D:4)
1 creature vanquished.

Grand Total: 198 creatures vanquished

Notes
Turn   | Place    | Note
-------+----------+-------------------------------------------
     0 | D:1      | Gargoyl the Gargoyle Berserker began the quest for the Orb.
     0 | D:1      | Reached XP level 1. HP: 14/14 MP: 1/1
    50 | D:1      | Reached XP level 2. HP: 11/19 MP: 2/2
    69 | D:1      | Reached skill level 3 in Axes
   353 | D:1      | Reached XP level 3. HP: 23/24 MP: 3/3
   827 | D:2      | Noticed Robin
   832 | D:2      | Reached ** piety under Trog
   839 | D:2      | Reached XP level 4. HP: 29/29 MP: 4/4
   843 | D:2      | Killed Robin
   966 | D:2      | Found a snail-covered altar of Cheibriados.
  1053 | D:2      | Found a faded altar of an unknown god.
  1194 | D:2      | Found Xoatang's Assorted Antiques.
  1209 | D:2      | Bought a scroll of teleportation for 75 gold pieces
  1442 | D:3      | Noticed a scorpion
  1453 | D:3      | Killed a scorpion
  1454 | D:3      | Reached skill level 4 in Axes
  1454 | D:3      | Reached XP level 5. HP: 33/33 MP: 5/5
  1566 | D:3      | Noticed Grinder
  1581 | D:3      | Killed Grinder
  1582 | D:3      | Reached skill level 5 in Axes
  1582 | D:3      | Reached skill level 1 in Stealth
  1582 | D:3      | Reached XP level 6. HP: 39/39 MP: 6/6
  2199 | D:4      | Reached XP level 7. HP: 44/44 MP: 7/7
  2273 | D:4      | Identified the +0 ring mail of Too Many Cooks {Will- Str+5
                  | Int+3 Slay+2}
  2447 | D:4      | Found a transporter.
  2453 | D:4      | Found a transporter.
  2469 | D:4      | Noticed Beaer's ghost (amateur DsFi)
  2511 | D:4      | Reached skill level 6 in Axes
  2549 | D:4      | Found a burning altar of Makhleb.
  2550 | D:4      | Found a sacrificial altar of Ru.
  2553 | D:4      | Found an iron altar of Okawaru.
  2553 | D:4      | Found a hazy altar of Hepliaklqana.
  2574 | D:4      | Found Ahatz's Armour Shop.
  2592 | D:4      | Bought a +0 chain mail for 58 gold pieces
  2645 | D:4      | Found Gecheq's General Store.
  2653 | D:4      | Bought a scroll of teleportation for 42 gold pieces
  2666 | D:4      | Found Batiosm's Assorted Antiques.
  2669 | D:4      | Noticed Natasha
  2685 | D:4      | Killed Natasha
  2712 | D:4      | Reached *** piety under Trog
  2762 | D:4      | Found Esacuedwa's Jewellery Boutique.
  2887 | D:4      | Found Ahiuv's Armour Emporium.
  3182 | D:4      | Found a bloodstained altar of Trog.
  3184 | D:4      | Noticed a wizard
  3188 | D:4      | Killed a wizard
  3377 | D:5      | Entered Level 5 of the Dungeon
  3400 | D:5      | Found Riyckop's Jewellery Shoppe.
  3428 | D:5      | Found Jequytel's Jewellery Shop.
  3484 | D:5      | Noticed Pikel
  3496 | D:5      | Killed Pikel
  3497 | D:5      | Reached skill level 5 in Fighting
  3497 | D:5      | Reached skill level 7 in Axes
  3497 | D:5      | Reached XP level 8. HP: 49/49 MP: 8/8
  3755 | D:5      | Found Zoer's Weapon Boutique.
  3911 | D:5      | Found Mokko's Antique Weapon Shoppe.
  4016 | D:5      | Found Wuebutykk's Weapon Boutique.
  4724 | D:6      | Reached skill level 8 in Axes
  4724 | D:6      | Reached XP level 9. HP: 40/55 MP: 9/9
  5198 | D:6      | Found a glowing silver altar of Zin.
  5309 | D:7      | Gained mutation: Your body sometimes deteriorates upon
                  | taking damage. [potion of mutation]
  5309 | D:7      | Gained mutation: Your movements are slightly less
                  | encumbered by armour. (ER -2) [potion of mutation]
  5335 | D:7      | Found a staircase to the Ecumenical Temple.
  5917 | D:7      | Found a snail-covered altar of Cheibriados.
  5917 | D:7      | Found a shadowy altar of Dithmenos.
  6462 | D:8      | Found a staircase to the Lair.
  6575 | D:8      | Reached skill level 9 in Axes
  6580 | D:8      | Identified the +4 helmet "Duguigea" {Str+5}
  6600 | D:8      | Found a shimmering blue altar of Sif Muna.
  6616 | D:8      | Noticed a fire crab
  6619 | D:8      | Noticed a deep elf pyromancer
  6645 | D:8      | Killed a deep elf pyromancer
  6646 | D:8      | Reached skill level 5 in Dodging
  6646 | D:8      | Reached XP level 10. HP: 51/63 MP: 10/10
  7022 | D:8      | Killed a fire crab
  7023 | D:8      | Reached skill level 10 in Axes
  7272 | Lair:1   | Entered Level 1 of the Lair of Beasts
  7356 | Lair:1   | Noticed a cane toad
  7364 | Lair:1   | Killed a cane toad
  7364 | Lair:1   | Reached **** piety under Trog
  7597 | Lair:1   | Noticed a cane toad
  7613 | Lair:1   | Killed a cane toad
  8135 | Lair:1   | Noticed a cane toad
  8144 | Lair:1   | Killed a cane toad
  8145 | Lair:1   | Reached skill level 11 in Axes
  8376 | Lair:2   | Noticed a cane toad
  8386 | Lair:2   | Killed a cane toad
  8392 | Lair:2   | Reached XP level 11. HP: 69/69 MP: 11/11
  8578 | Lair:2   | Noticed Harold
  8591 | Lair:2   | Killed Harold
  8660 | Lair:2   | Found a staircase to the Shoals.
  8673 | Lair:2   | Reached skill level 12 in Axes
  8682 | Lair:2   | Slain by a merfolk

Illustrated notes

Levels and vault maps discovered:
D:1:      scummos_arrival_checkerplants, layout_loops_cross, serial_glass,
          glass_columns_c, glass_columns_a, dreamdust_mushroom_princess
D:2:      layout_rooms, serial_shops, shop, basic_altar, basic_ecumenical_altar,
          uniq_robin
D:3:      layout_rooms, roderic_serpentine_path, minmay_distorted, uniq_grinder
D:4:      layout_loops_corners, trog_wizard,
          chequers_temple_overflow_statue_of_worship, serial_shops,
          nicolae_stop_n_shop_2, nicolae_shop_advertising_works
          [nicolae_subvault_shop_adworks], shop, nicolae_shop_getting_attention,
          nicolae_diamond_shop, gammafunk_ghost_gnarly_gnolls, uniq_natasha
D:5:      layout_basic, serial_shops, shop, nicolae_shop_real_fake_doors,
          nicolae_shop_bloodbath_and_beyond, nicolae_diamond_shop, shop,
          uniq_pikel
D:6:      layout_basic, zin_statuary, grunt_decor_resistance
D:7:      layout_basic, nicolae_overflow_two_pavilions,
          minmay_temple_entry_stoned_glass, hangedman_decor_growths
D:8:      layout_cave_pools, nicolae_sif_muna_condensation,
          minmay_lair_entry_lava
Lair:1:   layout_cave_pods, nicolae_quartered_pool_little,
          dpeg_stationary_puzzle
Lair:2:   layout_regular_city, elwin_shoals_entry_stream,
          minmay_snake_entry_guardpost_medium, grunt_forest_large_clearings,
          lemuel_fruit_fields, uniq_harold, uniq_maggie

Skill      XL: |  1  2  3  4  5  6  7  8  9 10 11 |
---------------+----------------------------------+-----
Axes           | 3 4 5 7 8 9 11 12 | 12.0
Dodging        | 2 3 5 6 |  6.1
Fighting       | 4 5 6 7 8 9 |  9.0
Stealth        | 1 2 3 4 |  4.2
Armour         | 3 4 |  4.8
Shields        | |  0.1

Action                     |  1- 3 |  4- 6 |  7- 9 | 10-12 || total
---------------------------+-------+-------+-------+-------++-------
  Melee: Hand axe          |   107 |   126 |   403 |    29 ||   665
         Punch             |       |       |     8 |     4 ||    12
         Broad axe         |       |       |       |   126 ||   126
 Invoke: Berserk           |     3 |     5 |     5 |     3 ||    16
         Trog's Hand       |       |     2 |     4 |     2 ||     8
         Brothers in Arms  |       |       |       |     1 ||     1
    Use: Scroll            |     2 |     3 |     3 |     9 ||    17
         Potion            |       |       |     5 |       ||     5
   Stab: Sleeping          |     1 |     1 |     4 |       ||     6
 Armour: Animal skin       |    75 |    67 |    14 |       ||   156
         Chain mail        |       |       |   135 |       ||   135
         Steam dragon scal |       |       |   167 |   139 ||   306
  Dodge: Dodged            |    90 |    79 |   253 |   150 ||   572
  Block: Buckler           |       |       |       |     4 ||     4

Table legend: (Time is in decaauts)
 A = Elapsed time spent in this place.
 B = Non-inter-level travel time spent in this place.
 C = Inter-level travel time spent in this place.
 D = Time resting spent in this place.
 E = Time spent auto-exploring this place.
 F = Levels seen in this place.
 G = Mean time per level.
                   A        B        C        D        E       F      G
               +--------+--------+--------+--------+--------+-----+--------+
         Total |   8814 |   8503 |    311 |    400 |   6154 |  10 |  881.4 |
       Dungeon |   7382 |   7102 |    280 |    326 |   5103 |   8 |  922.8 |
          Lair |   1432 |   1401 |     31 |     73 |   1050 |   2 |  716.0 |
               +--------+--------+--------+--------+--------+-----+--------+

Top non-repeatable levels by time:
     D:4: 1212 daAuts
     D:7: 1183 daAuts
  Lair:1: 1108 daAuts
     D:6: 946 daAuts
     D:5: 945 daAuts
     D:3: 847 daAuts
     D:8: 839 daAuts
     D:1: 797 daAuts
     D:2: 611 daAuts
  Lair:2: 323 daAuts
